 Dungeon Crawl Stone Soup version 0.29-a0-486-ga88943ba61 (webtiles) character file.

Game seed: 15218930709828395295

417 Colgate the Sneak (level 7, -1/44 HPs)
             Began as a Kobold Brigand on May 26, 2022.
             Was a Believer of Makhleb.
             Slain by a shadow imp (2 damage)
             ... on level 5 of the Dungeon.
             The game lasted 00:17:25 (5402 turns).

Colgate the Sneak (Kobold Brigand)                  Turns: 5402, Time: 00:17:26

Health: -1/44      AC:  4    Str:  8    XL:     7   Next: 15%
Magic:  7/7        EV: 14    Int: 12    God:    Makhleb [**....]
Gold:   177        SH:  5    Dex: 19    Spells: 6/6 levels left

rFire   . . .      SeeInvis .   b - +1 dagger (speed)
rCold   . . .      Faith    .   t - +0 buckler
rNeg    . . .      Spirit   .   g - +0 robe
rPois   .          Reflect  .   (no helmet)
rElec   .          Harm     .   c - +0 cloak
rCorr   .          Rampage  .   (no gloves)
Will    .....                   v - +0 pair of boots
Stlth   +++++.....              l - amulet of magic regeneration
HPRegen 0.14/turn               (no ring)
MPRegen 0.50/turn               (no ring)

@: no status effects
A: small, no large weapons, nightstalker 3
a: Renounce Religion, Minor Destruction


You were on level 5 of the Dungeon.
You worshipped Makhleb.
Makhleb was pleased with you.
You visited 2 branches of the dungeon, and saw 6 of its levels.

You collected 177 gold pieces.

Inventory:

Hand Weapons
 a - a +0 dagger of flaming
 b - a +1 dagger of speed (weapon)
 q - a +2 dagger
Missiles
 d - 12 poisoned darts (quivered)
 e - 2 curare-tipped darts
 p - 2 boomerangs
Armour
 c - a +0 cloak (worn)
 g - a +0 robe (worn)
 t - a +0 buckler (worn)
 v - a +0 pair of boots (worn)
Jewellery
 l - an amulet of magic regeneration (around neck)
Wands
 o - a wand of iceblast (8) {@v2}
Scrolls
 f - a scroll of vulnerability
 i - 2 scrolls of immolation
 r - a scroll of fear {unknown}
 u - 2 scrolls of teleportation {unknown}
 x - a scroll of enchant weapon {unknown}
Potions
 h - a potion of brilliance
 j - a potion of lignification
 k - a potion of resistance {@q5}
 m - a potion of haste {@q4}
 n - a potion of heal wounds {unknown}
 s - 2 potions of curing {unknown}
 w - a potion of attraction {unknown}


   Skills:
 - Level 5.0 Fighting
 - Level 4.1 Short Blades
 - Level 2.1 Throwing
 - Level 2.3 Dodging
 - Level 7.4 Stealth
 + Level 1.1 Invocations
 - Level 2.7 Evocations


You had 6 spell levels left.
You didn't know any spells.
Your spell library contained the following spells:

 Spells                   Type           Power      Damage    Failure   Level
 Gell's Gravitas          Tloc           0%         N/A       83%         3
 Lesser Beckoning         Tloc           0%         N/A       83%         3
 Teleport Other           Tloc           0%         N/A       83%         3
 Summon Lightning Spire   Summ/Air       0%         N/A       99%         4
 Storm Form               Tmut/Air       0%         N/A       100%        7
 Maxwell's Capacitive Co  Air            0%         ∞         100%        8


Dungeon Overview and Level Annotations

Branches:
Dungeon (5/15)             Temple (1/1) D:4

Altars:
Fedhas
Gozag
Hepliaklqana
Kikubaaqudgha
Makhleb
Okawaru
Qazlal
Ru
Sif Muna
Trog
Vehumet
Wu Jian
Yredelemnul
Zin
The Shining One


Innate Abilities, Weirdness & Mutations

You are small and have problems with some larger weapons.
You are completely attuned to the shadows.


Message History

The black bear closely misses you.
You hit the black bear but do no damage.
The black bear closely misses you. The black bear claws you.
The black bear claws you but does no damage.
The shadow imp gestures at you. Pain shoots through your body!
* * * LOW HITPOINT WARNING * * *
You closely miss the black bear.
You kill the black bear!
Makhleb accepts your kill.
Your Evocations skill gained 2 levels and is now at level 2!
You have reached level 7!
Okay, then.
Okay, then.
Here: a shadow imp The floor.
Here: a shadow imp The floor.
Unknown command.
Okay, then.
Unknown command.
Your +0 dagger of flaming stops flaming.
Your hands tingle!
b - a +1 dagger of speed (weapon)
You block the shadow imp's attack.
You barely miss the shadow imp. The shadow imp closely misses you.
You hit the shadow imp. You hit the shadow imp. The shadow imp hits you.
* * * LOW HITPOINT WARNING * * *
You barely miss the shadow imp. You hit the shadow imp.
You block the shadow imp's attack.
You hit the shadow imp but do no damage.
The shadow imp closely misses you.
You closely miss the shadow imp. You hit the shadow imp.
The shadow imp hits you.
* * * LOW HITPOINT WARNING * * *
You closely miss the shadow imp.
You hit the shadow imp but do no damage.
The shadow imp hits you.
You die...

#... #...
..†##
#..#######
#<.).....
###..5...
#.@..((
#......
#......
#######


You could see a shadow imp.

Vanquished Creatures
  A black bear (D:5)
  A necrophage (D:3)
  A scorpion (D:5)
  Ijyb (D:3)
  Terence (D:3)
  A hound zombie (D:2)
  4 adders
  A white imp (D:5)
  2 adder skeletons (D:2)
  3 worms (D:3)
  A dart slug (D:3)
  3 orcs (D:3)
  4 ball pythons
  A bat zombie (D:2)
  10 endoplasms
  A giant cockroach (D:3)
  8 goblins
  3 hobgoblins
  10 kobolds
  5 quokkas
  A ball python skeleton (D:2)
  2 ball python zombies (D:2)
  6 bats
  2 frilled lizards
  6 rats
79 creatures vanquished.

Vanquished Creatures (others)
  3 withered plants (D:1)
3 creatures vanquished.

Grand Total: 82 creatures vanquished

Notes
Turn   | Place    | Note
-------+----------+-------------------------------------------
     0 | D:1      | Colgate the Kobold Brigand began the quest for the Orb.
     0 | D:1      | Reached XP level 1. HP: 12/12 MP: 1/1
   346 | D:1      | Reached XP level 2. HP: 11/17 MP: 2/2
   821 | D:1      | Found a faded altar of an unknown god.
   833 | D:1      | Prayed at the altar of an unknown god.
   833 | D:1      | Became a worshipper of Makhleb the Destroyer
   833 | D:1      | Reached * piety under Makhleb
  1407 | D:2      | Reached XP level 3. HP: 22/22 MP: 3/3
  1435 | D:2      | Found a radiant altar of Vehumet.
  1601 | D:2      | Reached XP level 4. HP: 28/28 MP: 4/4
  1884 | D:2      | Reached skill level 6 in Stealth
  2001 | D:2      | Reached ** piety under Makhleb
  2094 | D:2      | Reached skill level 1 in Invocations
  2434 | D:3      | Noticed Ijyb
  2444 | D:3      | Noticed a necrophage
  2465 | D:3      | Killed Ijyb
  2466 | D:3      | Reached XP level 5. HP: 33/33 MP: 5/5
  2957 | D:3      | Noticed Terence
  2961 | D:3      | Killed Terence
  2962 | D:3      | Reached skill level 5 in Fighting
  2962 | D:3      | Reached XP level 6. HP: 40/40 MP: 6/6
  3604 | D:3      | Found a glowing silver altar of Zin.
  3956 | D:4      | Found a basalt altar of Yredelemnul.
  4576 | D:4      | Found a staircase to the Ecumenical Temple.
  4717 | Temple   | Entered the Ecumenical Temple
  4992 | D:5      | Entered Level 5 of the Dungeon
  5093 | D:5      | HP: 2/40 [white imp/puff of frost (9)]
  5379 | D:5      | Reached skill level 7 in Stealth
  5381 | D:5      | Noticed a black bear
  5391 | D:5      | Killed a black bear
  5392 | D:5      | Reached XP level 7. HP: 7/44 MP: 7/7
  5400 | D:5      | HP: 1/44 [shadow imp (4)]
  5402 | D:5      | Slain by a shadow imp

Illustrated notes

Levels and vault maps discovered:
D:1:      minmay_arrival_radiant_lines, layout_basic,
          ebering_ecumenical_altar_petrified
D:2:      layout_loops_cross, basic_altar, serial_undead, serial_undead_e,
          serial_undead_c, serial_undead_d, serial_undead_e,
          chequers_serial_rivers_large_b, minmay_tromino_i4
D:3:      minmay_diamond_boxcup, layout_rooms, zin_academy, uniq_ijyb,
          uniq_terence
D:4:      layout_basic, mainiacjoe_overflow_six_doors_small,
          minmay_temple_entry_statues
D:5:      layout_rooms
Temple:   nicolae_temple_figure_eight

Skill      XL: |  1  2  3  4  5  6 |
---------------+-------------------+-----
Short Blades   | 3 4 |  4.1
Fighting       | 3 5 |  5.0
Dodging        | 2 |  2.3
Stealth        | 6 7 |  7.4
Invocations    | 1 |  1.1
Evocations     | 2 |  2.7
Throwing       | |  2.1

Action                   |  1- 3 |  4- 6 |  7- 9 || total
-------------------------+-------+-------+-------++-------
Melee: Dagger            |    52 |   246 |    10 ||   308
       Punch             |     1 |       |       ||     1
Throw: Dart              |       |     2 |       ||     2
Invok: Minor Destruction |       |     7 |       ||     7
Evoke: Wand              |       |     1 |       ||     1
  Use: Scroll            |     1 |     5 |       ||     6
       Potion            |       |     1 |       ||     1
 Stab: Sleeping          |    16 |    17 |       ||    33
       Distracted        |     1 |       |       ||     1
Armor: Robe              |     6 |    39 |       ||    45
       Skin              |       |   110 |       ||   110
Dodge: Dodged            |    21 |   168 |     2 ||   191
Block: Buckler           |       |    11 |     2 ||    13

Table legend: (Time is in decaauts)
 A = Elapsed time spent in this place.
 B = Non-inter-level travel time spent in this place.
 C = Inter-level travel time spent in this place.
 D = Time resting spent in this place.
 E = Time spent auto-exploring this place.
 F = Levels seen in this place.
 G = Mean time per level.
                   A        B        C        D        E       F      G
               +--------+--------+--------+--------+--------+-----+--------+
         Total |   5380 |   5031 |    349 |      0 |   4331 |   6 |  896.7 |
       Dungeon |   5146 |   4810 |    336 |      0 |   4126 |   5 | 1029.2 |
        Temple |    233 |    221 |     12 |      0 |    205 |   1 |  233.0 |
               +--------+--------+--------+--------+--------+-----+--------+

Top non-repeatable levels by time:
     D:3: 1407 daAuts
     D:1: 1400 daAuts
     D:4: 1193 daAuts
     D:2: 1062 daAuts
  Temple: 233 daAuts
     D:5: 82 daAuts
